[Event "FRA-ch Youth U16 2018"]
[Site "Agen"]
[Date "2018.04.22"]
[Round "9"]
[White "Bellahcene, Meriem"]
[Black "Conti, Anne-Marie"]
[Result "1/2-1/2"]
[ECO "B01"]
[WhiteElo "1862"]
[BlackElo "1865"]
[Annotator "NA RC"]
[PlyCount "113"]
[EventDate "2018.??.??"]
[EventType "swiss"]
[EventCountry "FRA"]
[SourceTitle "playchess.com"]
[Source "ChessBase"]
[SourceQuality "1"]
[TimeControl "5400+30"]

1. e4 d5 2. exd5 Qxd5 3. Nc3 Qd6 4. Nf3 Nf6 5. h3 {[%emt 0:02:43] B01: Scandinavian Defence} g6 6. Bc4 Bg7 7. d3 O-O 8. O-O a6 9. a4 Nbd7 $146 ({Predecessor:} 9... c5 10. Re1 Nc6 11. Ne4 Nxe4 12. dxe4 Nd4 {1-0 (53) Anton Guijarro,D (2627)-Vakhidov,J (2578) Almaty 2016}) 10. Re1 Nb6 11. Bb3 c6 12. Bg5 Bf5 13. Qd2 Nbd5 14. Nxd5 cxd5 15. c3 (15. Bf4 $16 Qc5 16. d4) 15... Rfe8 16. Re5 Be6 17. Re2 Nd7 18. d4 f6 19. Bh6 (19. Bf4 $16 Qb6 20. a5 Qxb3 21. Rxe6) 19... Bh8 20. Rae1 Bf7 21. Bf4 e5 (21... Qb6 $142) 22. dxe5 fxe5 {[%emt 0:02:21] [#]} 23. Bg3 $1 Nc5 $2 (23... Rad8 $16 24. a5 Qc6) 24. Bc2 Nd7 25. Ng5 Rad8 26. Nxf7 Kxf7 27. Bb3 Nc5 28. Bc2 Re6 29. Rd1 Qc6 30. a5 $14 Bf6 31. Qe1 e4 32. Red2 Bg5 33. Rd4 Bf6 34. R4d2 Bg5 35. Re2 Rde8 36. b4 Nd7 37. Bb3 Nf6 38. Rc2 e3 39. f4 Bh6 40. c4 Re4 41. cxd5 Qd6 42. f5 Bf4 43. fxg6+ hxg6 44. Bxf4 Rxf4 45. Re2 Rxb4 46. Ba2 Rbe4 47. Rd3 Kg7 48. Rdxe3 Qc5 49. Kf2 Nxd5 50. Bxd5 Rf8+ 51. Kg1 Rxe3 52. Rxe3 Qxd5 53. Re7+ Rf7 54. Qe5+ Qxe5 55. Rxe5 Kf6 56. Rc5 Ke6 57. g4 1/2-1/2

[Event "FRA-ch Youth U16 2018"]
[Site "Agen"]
[Date "2018.04.22"]
[Round "9"]
[White "Grall, Alba"]
[Black "Rubsamen, Anais"]
[Result "1-0"]
[ECO "B32"]
[WhiteElo "1855"]
[BlackElo "1658"]
[Annotator "NA RC"]
[PlyCount "141"]
[EventDate "2018.??.??"]
[EventType "swiss"]
[EventCountry "FRA"]
[SourceTitle "playchess.com"]
[Source "ChessBase"]
[SourceQuality "1"]
[TimeControl "5400+30"]

1. e4 c5 2. Nf3 Nc6 3. d4 cxd4 4. Nxd4 e5 5. Nb5 d6 6. N1c3 a6 7. Na3 Be7 8. Be3 {[%emt 0:01:29] B32: Sicilian: Löwenthal and Kalashnikov Variations} Nf6 9. Nd5 (9. Nc4 b5 10. Nb6 Rb8 11. Nxc8 Qxc8 12. Be2 O-O 13. O-O Rd8 14. a4 d5 15. Nxd5 Nxd5 16. exd5 Nb4 17. axb5 Nxd5 18. Qc1 axb5 19. Rd1 Nxe3 20. Qxe3 Qxc2 21. Qxe5 Bf6 22. Rxd8+ {½-½ (22) Kravtsiv,M (2653)-Fedorov,A (2598) Khanty-Mansiysk 2017}) 9... Nxd5 10. exd5 Nd4 11. c4 O-O 12. Bxd4 exd4 13. Bd3 Qa5+ $146 ({Predecessor:} 13... Bf6 14. O-O Bd7 15. Re1 Qa5 {0-1 (37) Vroombout,E (2190)-Clemens,A (2162) Hoogeveen 2016}) 14. Qd2 Qxd2+ 15. Kxd2 Bg5+ 16. Kd1 Bg4+ 17. f3 Bd7 18. Re1 Rfe8 19. Re2 Re3 20. Rxe3 dxe3 21. Ke2 f5 22. Nc2 Re8 23. Rb1 Bf6 24. f4 g5 25. fxg5 Bxg5 26. Rf1 ({Better is} 26. Nd4 $16) 26... f4 27. h3 Rf8 28. b3 Bh4 29. Nd4 Bg3 30. Nf3 h6 $11 31. Rc1 Rc8 32. Nd4 Rf8 33. b4 Kg7 34. c5 dxc5 35. bxc5 Kf6 36. Nf3 Rc8 37. Rc2 Ba4 38. Rc1 Bd7 39. a3 Be8 40. Rc3 Bd7 41. c6 bxc6 42. Bxa6 Rc7 43. Bb5 Rb7 44. dxc6 Rxb5 45. cxd7 Rd5 46. Rd3 Rxd3 47. Kxd3 Ke7 48. Ne5 Be1 49. a4 Kd8 50. a5 Bxa5 51. Nc6+ Kxd7 52. Nxa5 Ke6 53. Nb3 Kd5 54. Nd4 Ke5 55. Nf3+ Kf5 56. Ke2 Ke4 57. Ng1 Ke5 58. Kf3 Kf5 59. Ne2 Kg5 60. Nxf4 Kh4 61. Ne2 Kh5 62. Kxe3 Kg5 63. Ke4 Kh4 64. Kf3 Kh5 65. g3 Kg5 66. Nd4 Kh5 67. Kf4 Kg6 68. Kg4 h5+ 69. Kf4 h4 70. g4 Kf6 71. g5+ 1-0

[Event "FRA-ch Youth U16 2018"]
[Site "Agen"]
[Date "2018.04.22"]
[Round "9"]
[White "Sabiani, Chjara"]
[Black "Djidjeli, Sarah"]
[Result "1/2-1/2"]
[ECO "D30"]
[WhiteElo "1723"]
[BlackElo "1903"]
[Annotator "NA RC"]
[PlyCount "59"]
[EventDate "2018.??.??"]
[EventType "swiss"]
[EventCountry "FRA"]
[SourceTitle "playchess.com"]
[Source "ChessBase"]
[SourceQuality "1"]
[TimeControl "5400+30"]

1. d4 d5 2. c4 e6 3. cxd5 exd5 4. Nc3 c6 5. Qc2 Bd6 6. Nf3 Ne7 7. Bg5 f6 8. Bd2 {[%emt 0:06:31] LiveBook: 8 Games D31: Queen's Gambit Declined: Semi-Slav without ...Nf6 (+ Marshall Gambit and Noteboom) and Exchange Variation lines without ...Nf6} Na6 9. a3 (9. e4 Nb4 10. Qb3 a5 11. a3 a4 12. Qd1 dxe4 13. Nxe4 Nbd5 14. Bc4 Be6 15. O-O O-O {½-½ (34) Ivanchuk,V (2728)-Kramnik,V (2803) Tbilisi 2017}) 9... Bf5 $146 ({Find the theoretical novelty and annotate with similar games:} 9... O-O 10. e3 Nc7 11. Bd3 h6 12. Ne2 a5 13. Ng3 Bd7 14. Nh4 b5 15. Ngf5 Nxf5 16. Nxf5 {1-0 (36) Cernea,R (2140)-Stanciu,A (2220) Eforie Nord 1999}) 10. e4 dxe4 11. Nxe4 Bxe4 12. Qxe4 Qb6 (12... Nc7 $11 {keeps the balance.}) 13. b4 O-O-O 14. Bc4 Kb8 15. O-O g5 16. Bxa6 (16. Rfb1 $16) 16... Qxa6 17. a4 Qc4 18. Rfc1 Qd5 19. Qxd5 Nxd5 20. Rab1 Bf4 21. g3 Bc7 22. b5 cxb5 23. Rxb5 g4 24. Nh4 Ne7 25. Rcb1 b6 26. a5 Kb7 27. axb6 Bxb6 28. Bb4 Nd5 29. Bc5 Rd7 $14 30. R5b3 1/2-1/2

[Event "FRA-ch Youth U16 2018"]
[Site "Agen"]
[Date "2018.04.22"]
[Round "9"]
[White "Lagarde, Adeline"]
[Black "Francois, Gwladys"]
[Result "1/2-1/2"]
[ECO "B24"]
[WhiteElo "1621"]
[BlackElo "1765"]
[Annotator "NA RC"]
[PlyCount "92"]
[EventDate "2018.??.??"]
[EventType "swiss"]
[EventCountry "FRA"]
[SourceTitle "playchess.com"]
[Source "ChessBase"]
[SourceQuality "1"]
[TimeControl "5400+30"]

1. e4 c5 2. Nc3 Nc6 3. d3 d6 4. Be3 Rb8 5. Nf3 Nf6 6. d4 cxd4 7. Nxd4 a6 8. a4 g6 9. g3 Bg7 10. Bg2 Ng4 11. O-O Nxe3 12. fxe3 O-O 13. Rb1 Qb6 14. Nd5 Qd8 15. Qd2 Bd7 16. Rf3 Ne5 17. Rf2 Bxa4 18. b3 Bd7 19. Rbf1 Ng4 20. Rf3 e6 21. Nc3 Qb6 22. Rd1 Bh6 23. Re1 e5 24. Nd5 Qd8 25. Ne2 Bg7 26. Ref1 Nh6 27. Nf6+ Kh8 28. Qxd6 Bb5 29. Qxd8 Rbxd8 30. c4 Bc6 31. Nd5 f5 32. Nec3 fxe4 33. Rxf8+ Rxf8 34. Rxf8+ Bxf8 35. Bxe4 Kg7 36. h3 Nf7 37. Bg2 Nd6 38. g4 Kf7 39. Kf2 a5 40. Bf3 b5 41. cxb5 Nxb5 42. Nxb5 Bxb5 43. Be2 Bd7 44. Bc4 Kg7 45. Kg3 Bd6 46. Kf3 Bc6 1/2-1/2